 Dungeon Crawl Stone Soup version 0.32-a0-391-gce5c0aab1b (webtiles) character file.

Game seed: 6470219716697452613

1467 Bravepunisher the Pandemonic (level 8, -8/40 HPs)
             Began as a Spriggan Monk on Feb 19, 2024.
             Was a High Priest of Makhleb.
             Killed from afar by a steam dragon (22 damage)
             ... with a ball of steam
             ... on level 6 of the Dungeon.
             The game lasted 00:15:47 (5523 turns).

Bravepunisher the Pandemonic (Spriggan Monk)        Turns: 5523, Time: 00:15:58

Health: -8/40      AC:  2    Str: 13    XL:     8   Next: 48%
Magic:  16/16      EV: 21    Int: 12    God:    Makhleb [*****.]
Gold:   498        SH:  6    Dex: 25    Spells: 7/7 levels left

rFire   . . .        z - +0 dagger (elec)
rCold   . . .        i - +0 buckler
rNeg    . . .        b - +0 robe
rPois   .            (helmet restricted)
rElec   .            (no cloak)
rCorr   .            (gloves unavailable)
SInv    +            (boots unavailable)
Will    +....        k - amulet of faith
Stlth   ++           d - +6 ring of dexterity
HPRegen 0.26/turn    p - +6 ring of strength
MPRegen 0.15/turn

%: faith
@: lethally poisoned (-8 -> -17), very quick
A: very small, no large weapons, unfitting armour, see invisible, speed 3
a: Renounce Religion, Minor Destruction, Lesser Servant of Makhleb, Major
Destruction, Greater Servant of Makhleb


You were on level 6 of the Dungeon.
You worshipped Makhleb.
Makhleb was extremely pleased with you.
You visited 2 branches of the dungeon, and saw 7 of its levels.

You collected 498 gold pieces.

Inventory:

Hand Weapons
 z - a +0 dagger of electrocution (weapon)
Armour
 b - a +0 robe (worn)
 i - a +0 buckler (worn)
Jewellery
 d - a +6 ring of dexterity (left hand)
 k - an amulet of faith (around neck)
 p - a +6 ring of strength (right hand)
Wands
 x - a wand of polymorph (13)
Scrolls
 e - 7 scrolls of identify {unknown}
 f - 2 scrolls of torment {unknown}
 g - 2 scrolls of teleportation {unknown}
 h - 3 scrolls of blinking {unknown}
 n - 2 scrolls of acquirement {unknown}
 q - a scroll of enchant armour {unknown}
 t - a scroll of enchant weapon {unknown}
 v - 2 scrolls of fear {unknown}
 y - a scroll of butterflies {unknown}
Potions
 c - a potion of ambrosia
 j - 4 potions of curing {unknown}
 l - 2 potions of haste {unknown}
 m - a potion of lignification {unknown}
 o - a potion of resistance {unknown}
 r - 2 potions of heal wounds {unknown}
 s - 2 potions of berserk rage {unknown}
 u - 2 potions of brilliance {unknown}
 w - 2 potions of attraction {unknown}


   Skills:
 + Level 3.1 Fighting
 - Level 3.2 Short Blades
 + Level 5.5 Dodging
 + Level 1.0 Shields
 * Level 9.7 Invocations


You had 7 spell levels left.
You didn't know any spells.
Your spell library contained the following spells:

 Spells                   Type           Power      Damage    Failure   Level
 Summon Small Mammal      Summ           0%         N/A       43%         1
 Call Canine Familiar     Summ           0%         N/A       80%         3
 Gell's Gravitas          Tloc           0%         N/A       80%         3
 Teleport Other           Tloc           0%         N/A       80%         3
 Summon Blazeheart Golem  Fire/Summ      0%         N/A       99%         4
 Dispersal                Tloc           0%         N/A       100%        6


Dungeon Overview and Level Annotations

Branches:
Dungeon (6/15)             Temple (1/1) D:4

Altars:
Ashenzari
Cheibriados
Dithmenos
Fedhas
Gozag
Hepliaklqana
Kikubaaqudgha
Makhleb
Nemelex Xobeh
Okawaru
Qazlal
Sif Muna
Trog
Uskayaw
Vehumet
Wu Jian
Xom
Yredelemnul
Zin
The Shining One

Shops:
D:2 :


Innate Abilities, Weirdness & Mutations

You are very small and have problems with some larger weapons.
You are too small for most types of armour.
You have supernaturally acute eyesight. (SInv)
You cover ground extremely quickly. (Speed+++)


Message History

The hound dies!
Makhleb accepts your kill. What are your orders? t - Shout!
Orders for allies: a - Attack new target. p - Attack previous target. r - Retreat! s - Stop attacking. g - Guard the area. f - Follow me.
Anything else - Cancel.
Gang up on whom?
Press: ? - help, Dir - move target, f/p - steam dragon
Aim: a steam dragon (water, moderately wounded, covered in acid, ally target) Attack!
The steam dragon breathes steam at you.
The ball of steam misses the gnoll.
The ball of steam misses you.
The gnoll is engulfed in a cloud of scalding steam.
The gnoll hits you from afar with a +0 halberd of venom.
You are poisoned.
The gnoll hits you from afar with a +0 spear of venom.
You are more poisoned.
Unknown command.
You are engulfed in a cloud of scalding steam.
You feel very sick.
You feel a bit more experienced.
You feel sick.
You feel sick.
You feel sick.
There is a stone staircase leading up here.
Aiming: Minor Destruction (0% risk of failure)
Press: ? - help, Shift-Dir - straight line, f/p - steam dragon
Aim: a steam dragon (steam, moderately wounded, covered in acid)
The zap hits the steam dragon.
The steam dragon is heavily wounded.
You feel very sick.
You feel a bit more experienced.
The gnoll is engulfed in a cloud of scalding steam.
The gnoll dies!
The steam dragon breathes steam at you. The ball of steam hits you!!
Ouch! That really hurt!
You die...

. #..≈D§......#.. #.
#.............. #.#
#..ggg§§....... #..#
#...ggD3§.....# ###
#..## ##.§#..... ..#
#..# #.§....# ..####
#.## #.§..#.###
.....###..#####.§.....>.
..##....^....#..@.##.###
..#########.............
......#........#.###.###
#####....####....# #
##........##...##
##.......#........
#...................
#....[...............
#........)...........


There were no monsters in sight!

Vanquished Creatures
  Sigmund (D:4)
  Eustachio (D:4)
  2 ogres
  2 scorpions
  A howler monkey (D:5)
  2 bombardier beetles
  2 hounds
  2 orc priests (D:3)
  2 sleepcaps
  An iguana (D:5)
  3 orc wizards
  Robin (D:4)
  10 adders
  9 gnolls (D:5)
  A shadow imp (D:6)
  A white imp (D:6)
  A dart slug (D:3)
  6 orcs
  6 ball pythons
  4 bats
  4 endoplasms
  7 giant cockroaches
  43 goblins
  28 hobgoblins
  2 jackals (D:1)
  2 quokkas
  3 frilled lizards
  8 kobolds
  4 rats
159 creatures vanquished.

Vanquished Creatures (collateral kills)
  A hound (D:6)
1 creature vanquished.

Vanquished Creatures (others)
  3 gnolls (D:6)
3 creatures vanquished.

Grand Total: 163 creatures vanquished

Notes
Turn   | Place    | Note
-------+----------+-------------------------------------------
     0 | D:1      | Bravepunisher the Spriggan Monk began the quest for the
                  | Orb.
     0 | D:1      | Reached XP level 1. HP: 11/11 MP: 2/2
   151 | D:2      | Reached XP level 2. HP: 16/16 MP: 3/3
   288 | D:2      | Reached skill level 5 in Dodging
   439 | D:4      | Noticed a bombardier beetle
   454 | D:4      | Found a broken altar of Ashenzari.
   458 | D:4      | Found a blossoming altar of Fedhas.
   516 | D:4      | Noticed Robin
   516 | D:4      | Noticed an ogre
   554 | D:4      | Found a snail-covered altar of Cheibriados.
   555 | D:4      | Found a hazy altar of Hepliaklqana.
   581 | D:4      | Found a staircase to the Ecumenical Temple.
   590 | Temple   | Entered the Ecumenical Temple
   611 | Temple   | Became a worshipper of Makhleb the Destroyer
   611 | Temple   | Reached * piety under Makhleb
   611 | Temple   | Reached ** piety under Makhleb
   648 | D:4      | Reached XP level 3. HP: 19/19 MP: 4/4
   670 | D:4      | Reached skill level 1 in Invocations
   702 | D:4      | Killed an ogre
   703 | D:4      | Reached skill level 3 in Invocations
   703 | D:4      | Reached XP level 4. HP: 18/23 MP: 5/7
   726 | D:4      | Killed Robin
   727 | D:4      | Reached XP level 5. HP: 16/28 MP: 6/8
   855 | D:4      | Noticed Eustachio
   863 | D:4      | Killed Eustachio
   864 | D:4      | Reached skill level 5 in Invocations
   864 | D:4      | Reached XP level 6. HP: 29/32 MP: 8/10
   865 | D:4      | Noticed Sigmund
  1005 | D:2      | Found Juleniz's Book Boutique.
  1999 | D:2      | Found a basalt altar of Yredelemnul.
  2147 | D:2      | Reached *** piety under Makhleb
  2515 | D:3      | Reached skill level 6 in Invocations
  2640 | D:3      | Found a glowing silver altar of Zin.
  3032 | D:3      | Found an opulent altar of Gozag.
  3147 | D:3      | Found a radiant altar of Vehumet.
  3307 | D:3      | Identified the +1 robe of Noughts and Crosses {rN+}
  3524 | D:4      | Reached XP level 7. HP: 32/35 MP: 11/13
  3588 | D:4      | Reached skill level 7 in Invocations
  3668 | D:4      | Killed Sigmund
  3858 | D:4      | Found an iron altar of Okawaru.
  3882 | D:5      | Entered Level 5 of the Dungeon
  3902 | D:5      | Reached skill level 8 in Invocations
  4256 | D:5      | Reached **** piety under Makhleb
  4257 | D:5      | Reached XP level 8. HP: 27/39 MP: 15/15
  4510 | D:5      | Reached skill level 9 in Invocations
  4746 | D:5      | Reached ***** piety under Makhleb
  5444 | D:6      | Reached skill level 1 in Shields
  5523 | D:6      | Killed from afar by a steam dragon

Illustrated notes

Levels and vault maps discovered:
D:1:      dpeg_arrival_prison, layout_basic, st_stairs_1, grunt_decor_cap
D:2:      layout_basic, serial_shops, nicolae_book_shop_shelving, basic_altar
D:3:      layout_loops_ring, nicolae_vehumet_altar_sigil, lemuel_tele_altar,
          grunt_gozag_breadcrumbs, gup_sewer_entry_glass
D:4:      layout_basic, nicolae_overflow_squiral, minitemple,
          mainiacjoe_overflow_alcove_4, minmay_temple_entry_trees, uniq_robin,
          uniq_eustachio, uniq_sigmund
D:5:      minmay_goblin_kobold_castle, layout_rooms, st_stairs_2
D:6:      layout_rooms, serial_rivers, chequers_serial_rivers_large_a,
          chequers_serial_rivers_small_b, chequers_serial_rivers_micro_d,
          chequers_serial_rivers_small_a
Temple:   nicolae_temple_bog_church

Skill      XL: |  1  2  3  4  5  6  7  8 |
---------------+-------------------------+-----
Dodging        | 5 |  5.5
Invocations    | 3 5 6 8 9 |  9.7
Fighting       | 3 |  3.1
Shields        | 1 |  1.0
Short Blades   | |  3.2

Action                     |  1- 3 |  4- 6 |  7- 9 || total
---------------------------+-------+-------+-------++-------
  Melee: Short sword       |    43 |    33 |     6 ||    82
         Dagger            |       |       |    11 ||    11
 Invoke: Minor Destruction |    12 |   127 |   175 ||   314
         Lesser Servant of |       |       |     1 ||     1
   Stab: Sleeping          |     1 |       |       ||     1
 Armour: Robe              |    15 |     9 |    24 ||    48
  Dodge: Dodged            |    38 |    51 |    52 ||   141
  Block: Buckler           |       |       |    13 ||    13

Table legend: (Time is in decaauts)
 A = Elapsed time spent in this place.
 B = Non-inter-level travel time spent in this place.
 C = Inter-level travel time spent in this place.
 D = Time resting spent in this place.
 E = Time spent auto-exploring this place.
 F = Levels seen in this place.
 G = Mean time per level.
                   A        B        C        D        E       F      G
               +--------+--------+--------+--------+--------+-----+--------+
         Total |   3895 |   3742 |    153 |     21 |   2837 |   7 |  556.4 |
       Dungeon |   3867 |   3740 |    127 |     21 |   2837 |   6 |  644.5 |
        Temple |     28 |      3 |     25 |      0 |      0 |   1 |   28.0 |
               +--------+--------+--------+--------+--------+-----+--------+

Top non-repeatable levels by time:
     D:5: 1097 daAuts
     D:2: 702 daAuts
     D:4: 687 daAuts
     D:3: 631 daAuts
     D:1: 600 daAuts
     D:6: 149 daAuts
  Temple: 28 daAuts
